 Dungeon Crawl Stone Soup version 0.23-a0-512-g50a8178 (webtiles) character file.

129 theanonym the Skirmisher (level 4, 0/37 HPs)
             Began as a Mummy Warper on Dec 4, 2018.
             Was a Follower of Makhleb.
             Slain by a jackal (2 damage)
             ... on level 3 of the Dungeon.
             The game lasted 00:03:27 (3353 turns).

theanonym the Skirmisher (Mummy Warper)             Turns: 3353, Time: 00:03:28

Health: 0/37       AC:  6    Str: 15    XL:     4   Next: 88%
Magic:  8/8        EV:  6    Int: 12    God:    Makhleb [*.....]
Gold:   156        SH:  8    Dex: 11    Spells: 8/8 levels left

rFire    x . .     SeeInvis .   k - +0 morningstar
rCold    + . .     Gourm    .   j - +1 shield
rNeg     + + +     Faith    .   d - +0 scale mail
rPois    ∞         Spirit   .   (no helmet)
rElec    .         Reflect  .   (no cloak)
rCorr    .         Harm     .   (no gloves)
MR       .....                  (no boots)
Stlth    ..........             (no amulet)
HPRegen  0.12/turn              l - ring of flight
MPRegen  0.11/turn              (no ring)

@: very slightly contaminated
A: no food or potions, fire vulnerability, cold resistance 1, negative energy
resistance 3, torment resistance, unbreathing
a: Renounce Religion, Evoke Flight


Innate Abilities, Weirdness & Mutations

You do not eat or drink.
Your flesh is vulnerable to fire.
You are immune to poison.
Your flesh is cold resistant. (rC+)
You are immune to negative energy. (rN+++)
You are immune to unholy pain and torment.
You can survive without breathing.


   Skills:
 + Level 3.7 Fighting
 + Level 3.1 Maces & Flails
 - Level 0.7 Throwing
 - Level 0.7 Armour
 - Level 1.5 Dodging
 + Level 0.3 Shields
 - Level 2.6 Spellcasting
   Level 2.4 Translocations


You had 8 spell levels left.
You didn't know any spells.
Your spell library contained the following spells:

 Spells                   Type           Power        Failure   Level  Hunger
 Blink                    Tloc           N/A          98%         2    N/A
 Shroud of Golubria       Chrm/Tloc      #.........   100%        2    N/A
 Gell's Gravitas          Tloc           #.........   100%        3    N/A
 Lesser Beckoning         Tloc           #.........   100%        3    N/A
 Teleport Other           Tloc           #.......     100%        3    N/A
 Passage of Golubria      Tloc           N/A          100%        4    N/A

Skill      XL: |  1  2  3  4 |
---------------+-------------+-----
Maces & Flails | 2 3 |  3.1
Fighting       | 3 |  3.7
Throwing       | |  0.7
Armour         | |  0.7
Dodging        | |  1.5
Shields        | |  0.3
Spellcasting   | |  2.6
Translocations | |  2.4

Action                   |  1- 3 |  4- 6 || total
-------------------------+-------+-------++-------
Melee: Mace              |   102 |       ||   102
       Morningstar       |    58 |   120 ||   178
Throw: Tomahawk          |       |     2 ||     2
  Use: Scroll            |     5 |     1 ||     6
Armor: Leather armour    |    23 |       ||    23
       Scale mail        |    53 |   108 ||   161
Dodge: Dodged            |    96 |    95 ||   191
Block: Shield            |    32 |   104 ||   136

Inventory:

Hand Weapons
 k - a +0 morningstar (weapon)
   (You took it off an orc on level 2 of the Dungeon)
Missiles
 e - 3 tomahawks of dispersal (quivered)
Armour
 d - a +0 scale mail (worn)
   (You found it on level 1 of the Dungeon)
 j - a +1 shield (worn)
   (You found it on level 2 of the Dungeon)
Jewellery
 l - a ring of flight (left hand)
   (You found it on level 2 of the Dungeon)
Scrolls
 n - 3 scrolls of remove curse
 t - a scroll of teleportation {!r}


You were on level 3 of the Dungeon.
You worshipped Makhleb.
Makhleb was aware of your devotion.
You were not hungry.

You visited 1 branch of the dungeon, and saw 3 of its levels.

You collected 156 gold pieces.

Dungeon Overview and Level Annotations

Branches:
Dungeon (3/15)

Altars:
Makhleb

#.######## #...#.#...#
.........# ##..#.#.#.#
.........### #.....#.#.#
.......g.h.# ##### #.........#
.........#h# #...# #....##...#
.........#b# #...###..>....#.#
.........#.# #...........#.#.#
.........#b###......†......#.#
#.###.####.hh@...........###.#
#. #. #####...............# .
#...........#####
###.........# #.........#
#.........# #.......###
#########


You could see 2 jackals and a bat.

Notes
Turn   | Place    | Note
-------+----------+-------------------------------------------
     0 | D:1      | theanonym the Mummy Warper began the quest for the Orb.
     0 | D:1      | Reached XP level 1. HP: 16/16 MP: 4/4
   280 | D:1      | Reached XP level 2. HP: 22/23 MP: 5/5
   282 | D:1      | Reached skill level 2 in Maces & Flails
   693 | D:2      | HP: 10/23 [adder (4)]
   859 | D:2      | Reached XP level 3. HP: 26/28 MP: 7/7
  1166 | D:2      | Found a burning altar of Makhleb.
  1221 | D:2      | Became a worshipper of Makhleb the Destroyer
  1233 | D:2      | HP: 14/28 [goblin (2)]
  1428 | D:2      | Reached skill level 3 in Fighting
  1433 | D:2      | HP: 14/29 [hobgoblin (4)]
  1783 | D:2      | HP: 14/29 [adder (1)]
  1790 | D:2      | HP: 10/29 [adder (2)]
  2208 | D:3      | Reached XP level 4. HP: 34/35 MP: 8/8
  2301 | D:3      | HP: 17/35 [adder (1)]
  2307 | D:3      | HP: 9/35 [rat (1)]
  2312 | D:3      | HP: 7/35 [rat (2)]
  2580 | D:3      | HP: 12/35 [worm (6)]
  2585 | D:3      | HP: 10/35 [jackal (1)]
  2586 | D:3      | HP: 4/35 [adder (4)]
  2591 | D:3      | HP: 2/35 [jackal (3)]
  2594 | D:3      | Reached skill level 3 in Maces & Flails
  2982 | D:3      | Reached * piety under Makhleb
  3013 | D:3      | HP: 10/37 [gnoll/+0 flail of protection (13)]
  3341 | D:3      | HP: 17/37 [goblin/+0 dagger (2)]
  3345 | D:3      | HP: 8/37 [goblin/+0 dagger (2)]
  3346 | D:3      | HP: 3/37 [jackal (2)]
  3353 | D:3      | Slain by a jackal

Vanquished Creatures
  6 adders
  2 worms (D:3)
  A dart slug (D:1)
  A leopard gecko (D:3)
  4 orcs
  3 ball pythons
  5 bats
  4 giant cockroaches
  5 goblins
  4 hobgoblins
  8 jackals
  6 kobolds
  A quokka (D:2)
  3 frilled lizards
  7 rats
60 creatures vanquished.

Table legend:
 A = Turns spent in this place as a percentage of turns spent in the entire game.
 B = Non-inter-level travel turns spent in this place as a percentage of non-inter-level travel turns spent in the entire game.
 C = Inter-level travel turns spent in this place as a percentage of turns spent in this place.
 D = Turns resting spent in this place as a percentage of non-inter-level travel turns spent in this place.
 E = Turns spent auto-exploring this place as a percentage of non-inter-level travel turns spent in this place.
 F = Non-inter-level travel turns spent in this place divided by the number of levels of this place that you've seen.
                   A       B       C       D       E      F
               +-------+-------+-------+-------+-------+----------------------
         Total | 100.0 | 100.0 |   5.3 |  48.6 |  35.4 | 1058.3
       Dungeon | 100.0 | 100.0 |   5.3 |  48.6 |  35.4 | 1058.3
               +-------+-------+-------+-------+-------+----------------------
